Map: [ESL] Alcyone

Players

Classic

  • Race: Protoss Protoss
  • Spawn Location: 1:00

Lambo - Winner!

  • Race: Zerg Zerg
  • Spawn Location: 7:00

Event: ESL SC2 Masters 2023 Winter (Finals)

VOD

Have the link to the VOD?

Description

Time

  • Played on: Dec. 16, 2023, 12:25 p.m.
  • Length: 13:56

All games in this series

Show
View Real Time Build Order
Export as new Build Order

Classic Protoss 

Build Orders:  

Get SALT Encoding   

  12  0:00  Probe  
  13  0:13  Pylon  
  13  0:17  Probe (Chrono Boost)  
  14  0:26  Probe (Chrono Boost)  
  15  0:31  Probe (Chrono Boost)  
  16  0:39  Gateway  
  16  0:43  Probe  
  16  0:49  Assimilator  
  17  0:55  Probe  
  18  1:07  Probe, Forge  
  19  1:20  Probe  
  20  1:26  Zealot (Chrono Boost)  
  20  1:28  Pylon  
  22  1:37  Cybernetics Core  
  22  1:41  Probe  
  23  1:50  Photon Cannon  
  23  2:00  Gateway  
  23  2:03  Probe  
  24  2:10  Adept (Chrono Boost)  
  26  2:27  Nexus  
  26  2:34  Assimilator  
  26  2:35  Probe  
  27  2:40  Adept  
  29  2:48  Pylon  
  29  2:58  Stargate  
  29  3:01  Warp Gate  
  29  3:04  Probe  
  30  3:11  Adept  
  32  3:16  Probe  
  33  3:28  Probe  
  33  3:43  Probe (Chrono Boost)  
  33  3:45  Probe (Chrono Boost)  
  38  3:49  Void Ray (Chrono Boost)  
  38  3:55  Probe (Chrono Boost)  
  40  3:56  Probe (Chrono Boost)  
  40  3:57  Adept  
  40  4:00  Probe (Chrono Boost)  
  43  4:04  Probe  
  43  4:09  Gateway  
  44  4:12  Probe  
  44  4:16  Probe  
  46  4:21  Pylon  
  46  4:23  Oracle (Chrono Boost)  
  46  4:24  Probe  
  50  4:29  Probe  
  51  4:36  Probe  
  52  4:41  Probe  
  52  4:43  Nexus  
  53  4:49  Pylon  
  53  4:52  Probe  
  54  4:53  Probe  
  54  4:59  Assimilator  
  55  5:03  Adept x2  
  55  5:05  Probe x2  
  61  5:09  Pylon  
  61  5:11  Assimilator  
  61  5:17  Probe x2  
  63  5:29  Probe  
  63  5:30  Probe  
  65  5:36  Protoss Ground Weapons Level 1 (Chrono Boost)  
  65  5:38  Twilight Council  
  65  5:41  Gateway, Probe  
  65  5:42  Probe  
  67  5:44  Gateway  
  67  5:48  Gateway  
  67  5:54  Probe x2 (Chrono Boost)  
  67  5:56  Sentry x2, Probe (Chrono Boost)  
  74  6:01  Robotics Facility  
  76  6:05  Probe x3 (Chrono Boost)  
  76  6:08  Shield Battery  
  76  6:09  Probe x2 (Chrono Boost)  
  76  6:11  Probe (Chrono Boost)  
  79  6:15  Blink, Phoenix  
  79  6:17  Pylon  
  78  6:20  Probe x2  
  78  6:24  Probe  
  79  6:32  Assimilator, Probe x2  
  79  6:35  Assimilator  
  79  6:38  Pylon, Probe  
  80  6:42  Stalker x2  
  80  6:44  Probe x2  
  86  6:49  Pylon x2  
  86  6:51  Probe  
  86  6:52  Observer  
  88  6:54  Pylon  
  88  6:56  Probe x2  
  88  6:57  Robotics Facility, Robotics Bay  
  90  7:04  Stalker x2, Pylon  
  94  7:14  Nexus  
  94  7:20  Phoenix (Chrono Boost)  
  96  7:24  Stargate  
  96  7:26  Pylon  
  96  7:36  Photon Cannon  
  96  7:38  Phoenix  
  96  7:39  Pylon  
  96  7:40  Photon Cannon  
  96  7:41  Protoss Ground Weapons Level 2  
  98  7:45  Pylon  
  98  7:48  Photon Cannon  
  98  7:53  Probe x3  
  101  8:00  Stalker x3  
  101  8:01  Stalker  
  109  8:08  Phoenix (Chrono Boost)  
  109  8:09  Phoenix (Chrono Boost)  
  113  8:21  Colossus x2 (Chrono Boost)  
  113  8:25  Extended Thermal Lance  
  125  8:29  Shield Battery  
  125  8:31  Phoenix (Chrono Boost)  
  125  8:33  Phoenix (Chrono Boost)  
  129  8:38  Probe x3  
  129  8:39  Probe  
  132  8:42  Pylon  
  132  8:46  Stalker x2  
  134  8:56  Probe x4  
  134  8:59  Assimilator  
  138  9:03  Assimilator  
  138  9:04  Colossus x2 (Chrono Boost)  
  150  9:12  Gateway  
  150  9:15  Templar Archives  
  150  9:19  Shield Battery  
  150  9:25  Stalker  
  150  9:26  Stalker x2  
  150  9:28  Stalker  
  144  9:36  Stalker  
  120  9:49  Stalker x3  
  118  9:53  Stalker  
  118  9:54  Probe x4 (Chrono Boost)  
  130  10:06  Probe x2 (Chrono Boost)  
  130  10:07  Immortal x2, Probe x2 (Chrono Boost)  
  136  10:15  Probe x4 (Chrono Boost)  
  136  10:17  Psionic Storm, Assimilator  
  140  10:24  High Templar x2, Zealot x3  
  150  10:33  Probe x3  
  150  10:34  Probe  
  154  10:36  Shield Battery  
  154  10:37  Pylon  
  154  10:43  High Templar  
  154  10:44  High Templar  
  158  10:52  Immortal (Chrono Boost)  
  158  10:53  Charge  
  158  10:56  Gateway  
  162  10:57  Gateway, Immortal (Chrono Boost)  
  166  11:09  Shield Battery  
  166  11:14  Gateway  
  166  11:24  Sentry  
  166  11:25  Stalker x3  
  169  11:27  Warp Prism (Chrono Boost)  
  169  11:29  Stalker x2  
  174  11:35  Observer (Chrono Boost)  
  175  11:43  Pylon  
  175  11:45  Pylon x2  
  175  11:46  Pylon  
  175  11:48  Observer (Chrono Boost)  
  176  11:55  Photon Cannon  
  176  11:56  Observer, High Templar, Photon Cannon  
  179  12:03  Cybernetics Core  
  179  12:04  Stargate  
  179  12:08  Fleet Beacon  
  179  12:14  Zealot x7  
  141  12:34  Immortal (Chrono Boost)  
  141  12:35  Zealot x9  
  121  12:37  Observer  
  121  12:38  Archon  
  91  12:57  Pylon  
  91  12:59  Zealot x4  
  91  13:00  Zealot x4  
  106  13:06  Immortal (Chrono Boost)  
  106  13:09  Immortal (Chrono Boost)  
  108  13:20  High Templar x7  
  108  13:21  High Templar  
  108  13:25  Archon x4  
  84  13:52  Zealot x3  
  84  13:53  Zealot x2  
Show
View Real Time Build Order
Export as new Build Order

Lambo Zerg - Winner!

Build Orders: Hatch First 

Get SALT Encoding   

  12  0:00  Drone  
  13  0:13  Overlord  
  13  0:17  Drone  
  14  0:31  Drone x2  
  14  0:34  Drone  
  17  0:51  Hatchery  
  17  0:54  Drone  
  17  0:57  Drone  
  18  1:08  Extractor  
  17  1:12  Spawning Pool  
  17  1:15  Drone  
  17  1:18  Drone  
  18  1:28  Drone  
  19  1:39  Drone  
  20  1:55  Hatchery  
  20  1:59  Zergling x2  
  20  2:06  Hatchery  
  20  2:11  Metabolic Boost  
  20  2:21  Queen  
  22  2:28  Overlord  
  22  2:32  Extractor  
  22  2:33  Zergling x2  
  23  2:47  Zergling x2  
  23  2:49  Zergling x2  
  25  2:54  Overlord  
  25  2:57  Queen  
  27  3:01  Zergling x2  
  28  3:07  Queen  
  28  3:08  Drone  
  31  3:17  Queen  
  33  3:23  Zergling x2  
  33  3:24  Drone  
  35  3:27  Drone  
  35  3:30  Drone  
  35  3:32  Drone  
  38  3:37  Drone  
  38  3:39  Drone x2  
  41  3:43  Drone  
  41  3:46  Drone  
  43  3:50  Overlord  
  43  3:52  Drone  
  44  3:56  Drone x2  
  44  4:01  Overlord  
  46  4:03  Drone  
  46  4:05  Drone  
  46  4:09  Overlord  
  48  4:12  Overlord  
  48  4:13  Drone  
  48  4:16  Drone x2  
  51  4:18  Drone  
  51  4:20  Drone  
  51  4:23  Drone x2  
  55  4:26  Overlord  
  55  4:28  Drone  
  56  4:31  Drone x2  
  56  4:33  Drone  
  56  4:37  Overlord  
  57  4:39  Drone x2  
  57  4:43  Spore Crawler  
  61  4:45  Drone x3  
  61  4:52  Drone x5  
  65  4:55  Queen  
  65  4:59  Spore Crawler  
  66  5:01  Drone x2  
  66  5:03  Zergling x4  
  70  5:07  Extractor  
  70  5:08  Lair  
  70  5:09  Zergling x2  
  70  5:11  Drone  
  70  5:12  Extractor  
  70  5:14  Queen  
  70  5:18  Zergling x4  
  70  5:20  Zergling x2  
  70  5:21  Drone, Spore Crawler  
  74  5:23  Drone  
  74  5:26  Drone x3  
  78  5:36  Drone x3  
  81  5:43  Overlord  
  81  5:44  Overlord  
  81  5:46  Roach Warren  
  81  5:47  Overlord  
  81  5:48  Extractor  
  81  5:49  Overlord x2  
  78  5:50  Queen  
  78  5:54  Drone  
  78  5:56  Extractor  
  78  5:57  Zergling x2  
  81  5:58  Overlord  
  81  6:00  Queen  
  81  6:01  Overlord  
  83  6:05  Drone x4  
  83  6:08  Drone x2  
  86  6:18  Drone x3  
  86  6:22  Spire  
  86  6:24  Drone x5  
  90  6:27  Extractor  
  90  6:30  Evolution Chamber  
  90  6:31  Drone  
  90  6:32  Drone  
  90  6:34  Glial Reconstitution  
  90  6:35  Overlord  
  90  6:39  Overlord  
  90  6:42  Overlord  
  90  6:45  Drone  
  90  6:46  Drone  
  91  6:50  Roach x4  
  99  6:55  Zerg Missile Weapons Level 1  
  99  6:57  Drone x2  
  101  7:01  Hatchery  
  101  7:03  Overseer  
  101  7:05  Roach  
  102  7:11  Roach x4  
  102  7:15  Roach x3  
  116  7:18  Drone x3  
  116  7:21  Baneling Nest  
  118  7:27  Drone  
  118  7:28  Drone  
  118  7:29  Zergling x12  
  126  7:39  Mutalisk x4  
  126  7:41  Zerg Flyer Weapons Level 1  
  126  7:43  Mutalisk  
  126  7:44  Mutalisk  
  134  7:45  Mutalisk  
  134  7:48  Drone x3  
  143  7:51  Drone x3  
  146  7:58  Extractor  
  146  7:59  Mutalisk x2  
  146  8:05  Zergling x8  
  153  8:07  Centrifugal Hooks  
  153  8:08  Ravager  
  153  8:09  Overlord  
  153  8:12  Overlord  
  153  8:14  Overlord  
  153  8:15  Overlord  
  153  8:16  Zergling x6  
  156  8:21  Hatchery  
  156  8:24  Spore Crawler  
  156  8:25  Drone x3  
  156  8:26  Drone, Overlord  
  158  8:27  Zergling x2  
  158  8:32  Zergling x4  
  161  8:36  Zergling x6  
  164  8:43  Hydralisk Den  
  158  8:49  Zergling x2  
  158  8:50  Zergling x20  
  165  8:56  Zergling x4  
  165  8:57  Zerg Melee Weapons Level 1  
  165  8:58  Baneling x16, Ravager  
  165  8:59  Ravager x2  
  165  9:00  Zergling x2  
  171  9:03  Queen  
  171  9:07  Zergling x14  
  171  9:08  Baneling x7  
  180  9:11  Zergling x6  
  180  9:13  Baneling x6  
  183  9:17  Zergling x4  
  169  9:34  Roach x11  
  169  9:38  Infestation Pit  
  168  9:41  Roach x6  
  168  9:43  Roach  
  163  9:47  Roach x3  
  163  9:52  Roach  
  159  9:54  Muscular Augments  
  159  9:57  Zergling x8  
  140  10:03  Zergling x10  
  144  10:10  Zergling x16, Spore Crawler  
  144  10:13  Zergling x2  
  152  10:17  Hive  
  152  10:18  Zergling x8  
  156  10:22  Hydralisk  
  156  10:26  Drone x4  
  156  10:27  Evolution Chamber  
  161  10:28  Hydralisk x2  
  161  10:29  Spine Crawler  
  161  10:31  Hydralisk x3  
  161  10:32  Hydralisk  
  172  10:36  Overlord  
  172  10:37  Overlord  
  172  10:41  Hydralisk x2, Overlord  
  172  10:42  Hydralisk  
  178  10:46  Zergling x10  
  186  10:50  Drone x3, Extractor  
  186  10:51  Zerg Missile Weapons Level 2  
  186  10:55  Lurker Den  
  186  10:56  Baneling x6  
  183  10:58  Zergling x2, Grooved Spines  
  183  10:59  Zergling x8  
  183  11:00  Zergling x2  
  183  11:01  Zergling x6  
  183  11:02  Baneling x2  
  192  11:08  Zergling x14  
  199  11:15  Zergling x2  
  199  11:17  Overlord  
  194  11:31  Drone x8  
  194  11:32  Extractor  
  192  11:33  Zerg Ground Armor Level 1  
  192  11:35  Viper x2  
  196  11:52  Baneling x10  
  196  11:53  Zergling x10, Baneling x6, Hatchery  
  199  12:00  Baneling x8  
  199  12:03  Zergling x2  
  199  12:07  Zergling x4  
  199  12:15  Zergling x22  
  198  12:19  Zergling x10  
  198  12:21  Zergling x10  
  188  12:26  Roach  
  163  12:31  Roach x3  
  163  12:32  Roach x3  
  155  12:41  Roach x2  
  155  12:43  Hydralisk x2  
  154  12:46  Pneumatized Carapace  
  154  12:47  Hatchery  
  154  12:50  Baneling x17  
  154  12:51  Hydralisk x2  
  152  12:52  Ravager  
  152  12:53  Ravager  
  158  12:59  Zergling x10  
  158  13:01  Baneling  
  158  13:02  Baneling x7  
  158  13:05  Zergling x10  
  165  13:14  Zergling x6  
  165  13:18  Zergling x4  
  170  13:23  Zergling x2  
  163  13:28  Roach x4  
  163  13:33  Baneling x6  
  163  13:37  Zergling x10  
Tags
 
Add a new tag
Caveats
  • Supply blocks, unpowered buildings, or Contaminate may cause inaccurate times.
  • Supply counts are checked every 10 seconds.